 Dungeon Sprint DCSS version 0.24.0-125-gc4c63601f3 (webtiles) character file.

Game seed: 9236216360625341661, levelgen mode: deterministic

19348 Ponchio the Sorcerer (level 12, -6/80 HPs)
             Began as a Deep Elf Earth Elementalist on Feb 29, 2020.
             Was a High Priest of Vehumet.
             Killed from afar by a hellephant (86 damage)
             ... with a blast of flame
             ... in the Dungeon (Sprint II: "The Violet Keep of Menkaure").
             The game lasted 00:22:00 (2511 turns).

Ponchio the Sorcerer (Deep Elf Earth Elementalist)  Turns: 2511, Time: 00:22:01

Health: -6/80      AC:  7    Str:  5    XL:     12   Next: 35%
Magic:  44/48      EV: 22    Int: 31    God:    Vehumet [*****.]
Gold:   1002       SH:  0    Dex: 15    Spells: 39/54 levels left

rFire    . . .     SeeInvis .   (no weapon)
rCold    . . .     Gourm    .   (no shield)
rNeg     + . .     Faith    .   c - +0 robe
rPois    .         Spirit   .   k - +2 helmet "Ynyidil" {Stlth+}
rElec    .         Reflect  .   x - +1 cloak
rCorr    .         Harm     +   (no gloves)
MR       ++...     NoTele   +   (no boots)
Stlth    +++.......             s - amulet of harm
HPRegen  0.23/turn              a - ring "Rihen" {rN+ MR+ Int+5}
MPRegen  0.31/turn              g - ring of magical power

@: flying
A: no striking features
a: Renounce Religion


You were in the Dungeon.
You worshipped Vehumet.
Vehumet was extremely pleased with you.
You were hungry.

You visited 1 branch You collected 1976 gold pieces.
You spent 974 gold pieces at shops.

Inventory:

Missiles
 b - 160 stones (quivered)
Armour
 c - a +0 robe (worn)
 k - the +2 helmet "Ynyidil" (worn) {Stlth+}
   (You bought it in a shop in the Dungeon)

   It makes you more stealthy.
 x - a +1 cloak (worn)
Jewellery
 a - the ring "Rihen" (left hand) {rN+ MR+ Int+5}
   (You bought it in a shop in the Dungeon)

   [ring of positive energy]

   It affects your intelligence (+5).
   It protects you from negative energy.
   It affects your resistance to hostile enchantments.
 g - a ring of magical power (right hand)
 s - an amulet of harm (around neck)
Scrolls
 j - 2 scrolls of remove curse
 q - 5 scrolls of enchant weapon
Potions
 e - 2 potions of haste
 f - a potion of heal wounds
 h - 4 potions of magic
 i - a potion of berserk rage
 l - 7 potions of flight
 n - a potion of curing
 o - 2 potions of might {unknown}
 r - a potion of cancellation {unknown}
 v - a potion of agility {unknown}
 w - 3 potions of resistance
Comestibles
 d - 5 rations


   Skills:
 - Level 11.7 Fighting
 - Level 14.0 Dodging
 - Level 2.4 Stealth
 + Level 21.5 Spellcasting
 - Level 1.1 Transmutations
 * Level 20.0 Earth Magic


You had 39 spell levels left.
You knew the following spells:

 Your Spells              Type           Power        Failure   Level  Hunger
a - Sandblast             Erth           ######       0%          1    None
b - Passwall              Tmut/Erth      #######.     1%          2    None
c - Stone Arrow           Conj/Erth      ######       1%          3    None
d - Petrify               Tmut/Erth      #######.     1%          4    None
e - Lee's Rapid Deconstr  Erth           ########..   0%          5    None

Your spell library contained the following spells:

 Spells                   Type           Power        Failure   Level  Hunger
 Bolt of Cold             Conj/Ice       ####......   36%         6    None


Dungeon Overview and Level Annotations

Branches:
Dungeon (1/1)

Altars:
Cheibriados
Dithmenos
Elyvilon
Fedhas
Gozag
Hepliaklqana
Kikubaaqudgha
Makhleb
Nemelex Xobeh
Okawaru
Qazlal
Ru
Sif Muna
Trog
Uskayaw
Vehumet
Wu Jian
Xom
Yredelemnul
Zin
The Shining One
Beogh
Jiyva
Lugonu

Shops:
D [}:(=!%[}?!==[*:

Annotations:
D exclusion: oklob plant


Message History

The glowing orange brain moves out of view.
Found 486 gold pieces.
Casting: Lee's Rapid Deconstruction (safe; 0% risk of failure)
Confirm with . or Enter, or press ? or * to list all spells.
Aiming: Lee's Rapid Deconstruction (safe; 0% risk of failure)
Press: ? - help, Dir - move target cursor, f - hellephant Fragment what (e.g. wall or brittle monster)?: a hellephant An open door.
The stone door frame shatters!
The blast of rock fragments hits the hellephant!
The hellephant is lightly wounded.
Vehumet accepts your kill.
You feel your power returning.
Your Earth Magic skill increases to level 20!
You feel a bit more experienced.
You hear a roar!
The hellephant breathes flames at you. The blast of flame hits you!!!!
Ouch! That really hurt!
You die...

.#÷.#):▓[....)([▓▓,⌠,*,*,+≈,,≈+,*
^##.#}|▓.)...)..▓▓,..▓,*,+≈,,≈+,*
...####▓[.......▓▓,..▓,*,+≈,,≈+,*
#..##.#▓.)....(.▓▓,K.▓,*,+≈,,≈+,*
'..#..#▓..[[....▓▓,..▓,*,+≈,,≈+,*
#..#.)#▓..)(....▓▓,⌠Y▓,*,*≈,,≈*,*
#..##.#▓.)(.[)(.▓▓,.$▓,*,*≈,,≈*,*
##.^.##▓▓▓▓▓▓▓'▓▓▓▓Y▓*,***≈,,≈***
.≈≈≈≈≈≈≈≈≈≈≈≈≈..@§§≈▓,,,,,,,,**
.≈#'########'###.≈≈≈▓,,,,,,,**
.≈#(...._._#≈≈≈##≈≈≈▓,,,,,,**
§≈#...._._.#≈≈≈§####▓▓▓▓▓≈**
§≈#..._._._#≈§≈≈≈##..#..▓≈*
§≈#.._._._.#§§≈≈≈≈#..#..▓≈*
§≈#._._._._#≈§≈§§≈[.†'..▓≈*
≈§#_._._._.#≈§§§§§#§.#..▓≈*
§§#._._._..#≈≈§§§§▓..#..▓≈*


There were no monsters in sight!

Vanquished Creatures
  A deep elf master archer (D)
  A kraken (D)
  2 sphinxes (D)
  Kirke (D)
  A crystal guardian (D)
  A yaktaur captain (D)
  A centaur warrior (D)
  A slime creature (D)
  Sonja (D)
  A skeletal warrior (D)
  2 deep trolls (D)
  2 death drakes (D)
  An orange crystal statue (D)
  An elephant (D)
  2 spiny frogs (D)
  A merfolk siren (D)
  A kobold demonologist (D)
  A yaktaur (D)
  A hornet (D)
  5 polar bears (D)
  2 wyverns (D)
  4 neqoxecs (D)
  A vampire mosquito (D)
  2 swamp drakes (D)
  5 necrophages (D)
  4 crocodiles (D)
  An iron imp (D)
  4 worker ants (D)
  4 tentacles (D)
55 creatures vanquished.

Vanquished Creatures (others)
  Menkaure (D)
  A crocodile (D)
  13 tentacles (D)
15 creatures vanquished.

Grand Total: 70 creatures vanquished

Notes
Turn   | Place    | Note
-------+----------+-------------------------------------------
     0 | D        | Ponchio the Deep Elf Earth Elementalist began the quest for
                  | the Orb.
     0 | D        | Reached XP level 1. HP: 10/10 MP: 6/6
     1 | D        | Noticed a necrophage
     1 | D        | Noticed a necrophage
     1 | D        | Noticed a necrophage
     1 | D        | Noticed a necrophage
     8 | D        | Killed a necrophage
     8 | D        | Reached skill level 7 in Spellcasting
     8 | D        | Reached XP level 2. HP: 13/15 MP: 0/12
     8 | D        | Reached XP level 3. HP: 17/19 MP: 0/13
     8 | D        | Reached XP level 4. HP: 22/24 MP: 0/15
    10 | D        | Killed a necrophage
    10 | D        | Reached skill level 8 in Spellcasting
    10 | D        | Reached skill level 10 in Earth Magic
    10 | D        | Reached XP level 5. HP: 25/28 MP: 15/18
    13 | D        | Killed a necrophage
    13 | D        | Reached skill level 10 in Spellcasting
    17 | D        | Killed a necrophage
    17 | D        | Reached skill level 11 in Spellcasting
    17 | D        | Reached XP level 6. HP: 24/32 MP: 9/22
    21 | D        | Learned a level 2 spell: Passwall
    25 | D        | Learned a level 3 spell: Stone Arrow
    30 | D        | Learned a level 4 spell: Petrify
    36 | D        | Learned a level 5 spell: Lee's Rapid Deconstruction
    59 | D        | Killed Menkaure
   107 | D        | Reached skill level 12 in Spellcasting
   198 | D        | Noticed a neqoxec
   198 | D        | Noticed a neqoxec
   200 | D        | Killed a neqoxec
   200 | D        | Reached XP level 7. HP: 36/36 MP: 14/25
   200 | D        | Killed a neqoxec
   200 | D        | Reached skill level 13 in Spellcasting
   204 | D        | Noticed a neqoxec
   205 | D        | Killed a neqoxec
   205 | D        | Reached skill level 14 in Spellcasting
   211 | D        | Noticed a neqoxec
   320 | D        | Found Rasegeugg's Armour Shop.
   320 | D        | Found Leluar's Book Shop.
   320 | D        | Found Viedweri's Distillery.
   320 | D        | Found Ycredaj's Jewellery Boutique.
   320 | D        | Found Bamaih's Assorted Antiques.
   321 | D        | Found Qaqyi's Jewellery Shop.
   321 | D        | Found Ifuodof's Magic Scroll Boutique.
   328 | D        | Found Haqoax's Gadget Boutique.
   328 | D        | Found Nabesmeb's Antique Armour Shop.
   329 | D        | Found Memef's Food Shop.
   329 | D        | Found Sokleddo's Distillery.
   329 | D        | Noticed a hippogriff
   329 | D        | Noticed a hippogriff
   330 | D        | Found Juecoec's Jewellery Boutique.
   330 | D        | Found Nunif's Antique Weapon Shop.
   330 | D        | Noticed an oklob plant
   369 | D        | Killed a neqoxec
   369 | D        | Reached XP level 8. HP: 41/41 MP: 16/28
   426 | D        | Noticed a merfolk siren
   429 | D        | Killed a merfolk siren
   429 | D        | Reached skill level 15 in Spellcasting
   528 | D        | Noticed an orange crystal statue
   542 | D        | Reached skill level 15 in Earth Magic
   615 | D        | Found Cidgh's Gadget Shop.
   615 | D        | Found Doenyeha's Book Shoppe.
   615 | D        | Found Jaribuehame's Antique Armour Boutique.
   615 | D        | Noticed a hippogriff
   677 | D        | Bought the ring "Rihen" {rN+ MR+ Int+5} for 431 gold pieces
   681 | D        | Bought an uncursed ring of magical power for 260 gold
                  | pieces
   693 | D        | Bought a dazzling helmet for 218 gold pieces
   698 | D        | Identified the +2 helmet "Ynyidil" {Stlth+} (You bought it
                  | in a shop in the Dungeon)
   770 | D        | Killed an orange crystal statue
   810 | D        | Noticed Kirke
   810 | D        | Noticed a skeletal warrior
   810 | D        | Noticed a kobold demonologist
   812 | D        | Killed a kobold demonologist
   812 | D        | Reached XP level 9. HP: 50/50 MP: 28/30
   812 | D        | Noticed a yaktaur captain
   813 | D        | Killed a skeletal warrior
   813 | D        | Reached skill level 5 in Fighting
   813 | D        | Reached skill level 10 in Dodging
   813 | D        | Noticed a spiny frog
   814 | D        | Killed Kirke
   814 | D        | Reached XP level 10. HP: 65/65 MP: 18/31
   815 | D        | Killed a yaktaur captain
   815 | D        | Reached skill level 16 in Spellcasting
   815 | D        | Killed a spiny frog
   815 | D        | Noticed a centaur warrior
   815 | D        | Noticed a spiny frog
   816 | D        | Killed a centaur warrior
   816 | D        | Reached skill level 17 in Spellcasting
   816 | D        | Noticed an elephant
   818 | D        | Killed an elephant
   993 | D        | Killed a spiny frog
  1080 | D        | Bought a ration for 65 gold pieces
  1113 | D        | Found a snail-covered altar of Cheibriados.
  1114 | D        | Found a shadowy altar of Dithmenos.
  1115 | D        | Found a white marble altar of Elyvilon.
  1115 | D        | Found an ancient bone altar of Kikubaaqudgha.
  1115 | D        | Found a roughly hewn altar of Beogh.
  1115 | D        | Found a viscous altar of Jiyva.
  1116 | D        | Found a blossoming altar of Fedhas.
  1116 | D        | Found a corrupted altar of Lugonu.
  1116 | D        | Found a shimmering blue altar of Sif Muna.
  1117 | D        | Found an opulent altar of Gozag.
  1117 | D        | Found a burning altar of Makhleb.
  1117 | D        | Found a bloodstained altar of Trog.
  1118 | D        | Found a sparkling altar of Nemelex Xobeh.
  1118 | D        | Found a hide-covered altar of Uskayaw.
  1119 | D        | Found a basalt altar of Yredelemnul.
  1120 | D        | Found an iron altar of Okawaru.
  1120 | D        | Found a radiant altar of Vehumet.
  1120 | D        | Found a glowing silver altar of Zin.
  1120 | D        | Found a hazy altar of Hepliaklqana.
  1120 | D        | Found a sacrificial altar of Ru.
  1120 | D        | Found a shimmering altar of Xom.
  1122 | D        | Reached skill level 18 in Spellcasting
  1219 | D        | Found a stormy altar of Qazlal.
  1219 | D        | Found an ornate altar of the Wu Jian Council.
  1219 | D        | Found a glowing golden altar of the Shining One.
  1229 | D        | Became a worshipper of Vehumet
  1245 | D        | Reached XP level 11. HP: 69/69 MP: 28/35
  1256 | D        | Noticed a death drake
  1335 | D        | Killed a death drake
  1335 | D        | Reached * piety under Vehumet
  1335 | D        | Offered knowledge of Flame Tongue by Vehumet.
  1378 | D        | Noticed a death drake
  1379 | D        | Noticed a crystal guardian
  1382 | D        | Killed a crystal guardian
  1382 | D        | Reached skill level 19 in Spellcasting
  1384 | D        | Killed a death drake
  1591 | D        | Reached ** piety under Vehumet
  1591 | D        | Offered knowledge of Magic Dart by Vehumet.
  1642 | D        | Noticed a deep elf master archer
  1646 | D        | Killed a deep elf master archer
  1646 | D        | Reached skill level 20 in Spellcasting
  1760 | D        | Offered knowledge of Throw Frost by Vehumet.
  1827 | D        | Reached *** piety under Vehumet
  1879 | D        | Noticed a kraken
  1884 | D        | Offered knowledge of Fulminant Prism by Vehumet.
  1884 | D        | Reached skill level 21 in Spellcasting
  1982 | D        | Noticed a deep troll
  1983 | D        | Noticed a deep troll
  1985 | D        | Killed a deep troll
  1985 | D        | Reached **** piety under Vehumet
  1988 | D        | Killed a deep troll
  2152 | D        | Noticed a sphinx
  2152 | D        | Noticed a sphinx
  2156 | D        | Killed a sphinx
  2156 | D        | Offered knowledge of Bolt of Magma by Vehumet.
  2156 | D        | Reached skill level 10 in Fighting
  2156 | D        | Reached XP level 12. HP: 52/77 MP: 39/39
  2156 | D        | Killed a sphinx
  2314 | D        | Killed a kraken
  2314 | D        | Reached ***** piety under Vehumet
  2314 | D        | Offered knowledge of Bolt of Cold by Vehumet.
  2508 | D        | Noticed a hellephant
  2508 | D        | Noticed Sonja
  2511 | D        | Killed Sonja
  2511 | D        | Killed from afar by a hellephant

Levels and vault maps discovered:
D:        the_violet_keep_of_menkaure [sprint2_stairs_cluster_1,
          sprint2_shoproom, sprint2_temple, sprint2_basic_supplies,
          sprint2_obstacle_4, sprint2_obstacle_5, sprint2_obstacle_7,
          sprint2_obstacle_2, sprint2_obstacle_3, sprint2_timed_cluster_1,
          sprint2_smallroom_cluster_1, sprint2_smallroom_final_cluster_1,
          sprint2_transparent_cluster_1, sprint2_second_timed_cluster_1,
          sprint2_sniper_area_1, sprint2_heavy_combat_area_1,
          sprint2_mutation_trap_area_1, sprint2_forest_area_1,
          sprint2_light_combat_area_1, sprint2_behind_water_1,
          sprint2_near_end_vault_1]

Skill      XL: |  1  2  3  4  5  6  7  8  9 10 11 12 |
---------------+-------------------------------------+-----
Spellcasting   | 7 8 11 12 14 15 18 21 | 21.5
Earth Magic    | 8 10 11 12 14 15 17 19 20 | 20.0
Dodging        | 9 12 14 | 14.0
Fighting       | 3 8 10 11 | 11.7
Stealth        | |  2.4
Transmutations | |  1.1

Action                   |  1- 3 |  4- 6 |  7- 9 | 10-12 || total
-------------------------+-------+-------+-------+-------++-------
 Cast: Sandblast         |     5 |     9 |     4 |       ||    18
       Lee's Rapid Decon |       |     4 |    15 |    56 ||    75
  Use: Potion            |     1 |     1 |       |     3 ||     5
       Scroll            |       |       |       |     7 ||     7
  Eat: Ration            |       |       |       |     1 ||     1
       Chunk             |       |       |       |     2 ||     2
Armor: Robe              |       |       |       |     2 ||     2
Dodge: Dodged            |     2 |     2 |     5 |    12 ||    21
